 Dungeon Crawl Stone Soup version 0.25-a0-340-ga1faa1601d (webtiles) character file.

Game seed: 4111346944643692815, levelgen mode: deterministic

79 sankara the Poker (level 4, -3/34 HPs)
             Began as a Vampire Monk on Dec 29, 2019.
             Slain by a gnoll
             ... wielding a +0 whip
              (11 damage)
             ... on level 2 of the Dungeon.
             The game lasted 00:04:48 (1147 turns).

sankara the Poker (Vampire Monk)                    Turns: 1147, Time: 00:04:49

Health: -3/34      AC:  4    Str: 11    XL:     4   Next: 16%
Magic:  4/4        EV: 14    Int: 12    God:
Gold:   56         SH:  0    Dex: 16    Spells: 3/3 levels left

rFire    . . .     SeeInvis +   a - +0 spear
rCold    . . .     Gourm    .   (no shield)
rNeg     . . .     Faith    .   b - +0 robe
rPois    .         Spirit   .   (no helmet)
rElec    .         Reflect  .   g - +0 cloak
rCorr    .         Harm     .   d - +0 pair of gloves
MR       .....                  (no boots)
Stlth    ++........             (no amulet)
HPRegen  0.31/turn              (no ring)
MPRegen  0.09/turn              (no ring)

@: regenerating quickly
A: no food, fangs 3, see invisible, unbreathing
a: Exsanguinate


You were on level 2 of the Dungeon.
You were alive.

You visited 1 branch of the dungeon, and saw 2 of its levels.

You collected 56 gold pieces.

Inventory:

Hand Weapons
 a - a +0 spear (weapon)
 f - a +0 short sword
   (You took it off a kobold on level 1 of the Dungeon)
Armour
 b - a +0 robe (worn)
 d - a +0 pair of gloves (worn)
   (You found it on level 1 of the Dungeon)
 g - a +0 cloak (worn)
   (You found it on level 2 of the Dungeon)
Scrolls
 c - a scroll of enchant weapon {unknown}
Potions
 e - a potion of curing {unknown}


   Skills:
 - Level 2.6 Fighting
 * Level 4.6 Polearms
 - Level 3.2 Dodging
 - Level 3.0 Stealth


You had 3 spell levels left.
You didn't know any spells.
Your spell library was empty.

Dungeon Overview and Level Annotations

Branches:
Dungeon (2/15)

Altars:
Dithmenos


Innate Abilities, Weirdness & Mutations

You do not eat.
Your natural rate of healing is unusually fast.
You have razor-sharp teeth.
You have supernaturally acute eyesight. (SInv)
You can survive without breathing.


Message History

The adder misses you.
You hit the adder. You bite the adder.
The adder is severely wounded.
The adder closely misses you.
You hit the adder.
You kill the adder!
Dithmenos accepts your kill.
Really renounce your faith, foregoing its fabulous benefits?
Are you sure?
Okay, then.
Found a stone staircase leading down.
Really renounce your faith, foregoing its fabulous benefits?
Are you sure?
You have lost your religion!
Dithmenos does not appreciate desertion!
Your aura of darkness fades away.
Things that are here:
a +0 dagger; a +0 robe
Found a stone staircase leading down.
There is a shaft here.
HP restored.
A goblin comes into view. It is wielding a +0 club.
No target in view!
No target in view!
No target in view!
You barely miss the goblin.
The goblin shouts!
Your bite misses the goblin. You closely miss the goblin.
The goblin barely misses you.
You hit the goblin.
The goblin is severely wounded.
The goblin closely misses you.
You hit the goblin.
You kill the goblin!
No target in view!
No target in view!
Things that are here:
a +0 club; a goblin corpse You feel overwhelmed by the shadows around you.
You fall asleep.
The divine experience drains your vigour!
You feel yourself slow down.
You wake up.
You feel yourself speed up.
g - a cloak You start putting on your armour.
You continue putting on your cloak. x4
You finish putting on your +0 cloak.
A gnoll comes into view. It is wielding a +0 club.
A hobgoblin comes into view. It is wielding a +0 club.
A gnoll comes into view. It is wielding a +0 flail.
The gnoll shouts!
A gnoll comes into view. It is wielding a +0 whip.
The hobgoblin shouts!
Found a stone staircase leading down.
A rat comes into view.
You hit the gnoll.
The gnoll is moderately wounded.
The gnoll barely misses you.
You hit the gnoll.
The gnoll is heavily wounded.
The hobgoblin barely misses you. The gnoll closely misses you.
You hit the gnoll.
The gnoll is severely wounded.
The gnoll closely misses you. The hobgoblin completely misses you.
The gnoll misses you.
You hit the gnoll.
The gnoll is severely wounded.
The gnoll hits you with a +0 whip. The gnoll closely misses you.
The hobgoblin barely misses you.
You hit the gnoll.
The gnoll is almost dead.
The gnoll closely misses you. The gnoll misses you.
You hit the gnoll but do no damage.
The gnoll is almost dead.
The gnoll hits you with a +0 club. The hobgoblin completely misses you.
The gnoll barely misses you. x2
You closely miss the gnoll.
The gnoll is almost dead.
The rat twitches its whiskers.
The gnoll closely misses you. The hobgoblin barely misses you.
You hit the gnoll but do no damage.
The gnoll is almost dead.
The gnoll closely misses you. x2; The gnoll barely misses you.
The hobgoblin hits you with a +0 club.
You hit the gnoll but do no damage. Your bite misses the gnoll.
The gnoll is almost dead.
The gnoll hits you with a +0 whip. The gnoll hits you with a +0 flail.
You are too injured to fight recklessly!
You are too injured to fight recklessly!
You are too injured to fight recklessly!
You hit the gnoll but do no damage.
The gnoll is almost dead.
The gnoll hits you with a +0 club! The hobgoblin hits you with a +0 club.
The gnoll barely misses you. The gnoll hits you with a +0 flail.
* * * LOW HITPOINT WARNING * * *
You closely miss the gnoll.
The gnoll is almost dead.
The gnoll closely misses you. The hobgoblin misses you.
The gnoll hits you with a +0 whip!
You die...

.###.###### .#........#
#.........# ..........#
#...>.....# ..........#
#.........# ..........#
#.........# ...##....##
#.........# .. ...##....#
#..r......#... ...##....#
#.ggg.....#..#. #####....#
#.g@........... .........#
#...........#.. .........#
#.............. .....#####
#...........#.. .....#
#......?..)....
.....##########.........###
.......##........##.....#
.......##........##..##.##
.......##........##......#


You could see 3 gnolls, a hobgoblin and a rat.

Vanquished Creatures
  Jessica (D:2)
  2 adders (D:2)
  2 dart slugs (D:1)
  2 leopard geckos
  2 hobgoblins (D:1)
  3 bats (D:1)
  2 frilled lizards (D:1)
  3 goblins (D:2)
  10 kobolds
  5 rats (D:1)
  A plant (D:1)
33 creatures vanquished.

Notes
Turn   | Place    | Note
-------+----------+-------------------------------------------
     0 | D:1      | sankara the Vampire Monk began the quest for the Orb.
     0 | D:1      | Reached XP level 1. HP: 17/17 MP: 1/1
    87 | D:1      | Reached skill level 3 in Polearms
   223 | D:1      | Reached XP level 2. HP: 23/23 MP: 2/2
   916 | D:2      | Reached XP level 3. HP: 28/28 MP: 3/3
   982 | D:2      | Reached skill level 4 in Polearms
   986 | D:2      | Found a faded altar of an unknown god.
   996 | D:2      | Became a worshipper of Dithmenos the Shadowed
   996 | D:2      | Reached * piety under Dithmenos
   996 | D:2      | Reached ** piety under Dithmenos
  1021 | D:2      | Noticed Jessica
  1030 | D:2      | Killed Jessica
  1030 | D:2      | Reached XP level 4. HP: 24/34 MP: 4/4
  1037 | D:2      | Fell from the grace of Dithmenos
  1146 | D:2      | HP: 7/34 [gnoll/+0 flail (5)]
  1147 | D:2      | Slain by a gnoll

Levels and vault maps discovered:
D:1:      dpeg_arrival_stonehenge_8_columns, layout_basic, serial_bayou_pond_e,
          lexackson_kobold_supper
D:2:      layout_basic, chequers_ecumenical_altar_simple_redux, uniq_sigmund,
          uniq_jessica

Skill      XL: |  1  2  3 |
---------------+----------+-----
Polearms       | 3 4 |  4.6
Fighting       | |  2.6
Dodging        | |  3.2
Stealth        | |  3.0

Action                   |  1- 3 |  4- 6 || total
-------------------------+-------+-------++-------
Melee: Spear             |   127 |    19 ||   146
       Bite              |     9 |     1 ||    10
Invok: Renounce Religion |       |     1 ||     1
 Stab: Sleeping          |     3 |       ||     3
Armor: Robe              |     6 |     1 ||     7
Dodge: Dodged            |    40 |    27 ||    67

Table legend:
 A = Non-vault XP
 B = Vault XP
 C = Vault XP percentage of total XP
 D = Non-vault monster count
 E = Vault monster count
 F = Vault count percentage of total count
                 A         B        C        D         E       F
            +---------+---------+-------+---------+---------+-------
      Total |      64 |      49 |  43.4 |      23 |       9 |  28.1
            +---------+---------+-------+---------+---------+-------
        D:1 |      28 |      12 |  30.0 |      16 |       8 |  33.3
        D:2 |      36 |      37 |  50.7 |       7 |       1 |  12.5
            +---------+---------+-------+---------+---------+-------

Levels and vault maps discovered:
D:1:      dpeg_arrival_stonehenge_8_columns, layout_basic, serial_bayou_pond_e,
          lexackson_kobold_supper
D:2:      layout_basic, chequers_ecumenical_altar_simple_redux, uniq_sigmund,
          uniq_jessica

Table legend:
 A = Turns spent in this place as a percentage of turns spent in the entire game.
 B = Non-inter-level travel turns spent in this place as a percentage of non-inter-level travel turns spent in the entire game.
 C = Inter-level travel turns spent in this place as a percentage of turns spent in this place.
 D = Turns resting spent in this place as a percentage of non-inter-level travel turns spent in this place.
 E = Turns spent auto-exploring this place as a percentage of non-inter-level travel turns spent in this place.
 F = Non-inter-level travel turns spent in this place divided by the number of levels of this place that you've seen.
                   A       B       C       D       E      F
               +-------+-------+-------+-------+-------+----------------------
         Total | 100.0 | 100.0 |   4.0 |   0.3 |  74.1 | 550.5
       Dungeon | 100.0 | 100.0 |   4.0 |   0.3 |  74.1 | 550.5
               +-------+-------+-------+-------+-------+----------------------

Table legend:
 A = Kills in this place as a percentage of kills in entire the game.
 B = Kills by you in this place as a percentage of kills by you in the entire game.
 C = Kills by friends in this place as a percentage of kills by friends in the entire game.
 D = Other kills in this place as a percentage of other kills in the entire game.
 E = Experience gained in this place as a percentage of experience gained in the entire game.
 F = Experience gained in this place divided by the number of levels of this place that you have seen.
                   A       B       C       D       E      F
               +-------+-------+-------+-------+-------+----------------------
         Total | 100.0 | 100.0 |   N/A |   N/A | 100.0 |  56.5
       Dungeon | 100.0 | 100.0 |   N/A |   N/A | 100.0 |  56.5
               +-------+-------+-------+-------+-------+----------------------
